 Dungeon Crawl Stone Soup version 0.23.0-3-gf3c87f2 (webtiles) character file.

Game seed: 8828477498795227860

79 misha the Skirmisher (level 4, 0/40 HPs)
             Began as a Draconian Berserker on Feb 22, 2019.
             Was a Believer of Trog.
             Shot with an arrow by a centaur (7 damage)
             ... on level 3 of the Dungeon.
             The game lasted 00:08:47 (2357 turns).

misha the Skirmisher (Draconian Berserker)          Turns: 2357, Time: 00:08:48

Health: 0/40       AC:  6    Str: 20    XL:     4   Next: 17%
Magic:  4/4        EV: 13    Int:  7    God:    Trog [**....]
Gold:   94         SH:  0    Dex: 11    Spells: 3/3 levels left

rFire    . . .     SeeInvis .   b - +1 dagger (venom)
rCold    . . .     Gourm    .   (no shield)
rNeg     . . .     Faith    .   (armour unavailable)
rPois    .         Spirit   .   (helmet restricted)
rElec    .         Reflect  .   (no cloak)
rCorr    .         Harm     .   f - +0 pair of gloves
MR       .....                  (no boots)
Stlth    +.........             (no amulet)
HPRegen  0.13/turn              (no ring)
MPRegen  0.09/turn              (no ring)

@: no status effects
A: unfitting armour, cold-blooded, AC +5
a: Berserk, Trog's Hand, Renounce Religion


You were on level 3 of the Dungeon.
You worshipped Trog.
Trog was pleased with you.
You were not hungry.

You visited 1 branch of the dungeon, and saw 3 of its levels.

You collected 94 gold pieces.

Inventory:

Hand Weapons
 a - a +0 whip of venom
 b - a +1 dagger of venom (weapon)
 k - a +0 falchion
Missiles
 j - 34 poisoned needles
 l - 123 stones (quivered)
 m - 25 bolts
 n - 25 arrows
 o - 7 javelins
 t - 7 needles of sleeping
Armour
 f - a +0 pair of gloves (worn)
Scrolls
 c - a scroll of magic mapping
 e - 4 scrolls of identify
 g - 3 scrolls of amnesia
 u - a scroll of blinking {unknown}
Potions
 d - a potion of mutation {unknown}
 h - a potion of might {unknown}
 i - a potion of ambrosia {unknown}
 r - 2 potions of curing {unknown}
 s - 2 potions of brilliance {unknown}
 w - a potion of magic {unknown}
Comestibles
 p - 2 rations


   Skills:
 + Level 4.2 Fighting
 + Level 4.0 Long Blades
 + Level 0.3 Maces & Flails
 - Level 3.1 Dodging


You had 3 spell levels left.
You didn't know any spells.
Your spell library was empty.

Dungeon Overview and Level Annotations

Branches:
Dungeon (3/15)

Altars:
Ashenzari
Fedhas


Innate Abilities, Weirdness & Mutations

Your plain brown scales are hard. (AC +5)
You cannot fit into any form of body armour.
You are cold-blooded and may be slowed by cold attacks.


Message History

You see here an arrow.
The centaur shoots an arrow.
The arrow barely misses you.
You see here 3 arrows.
As you read the scroll labeled JIF ATAEFI, it crumbles to dust.
You feel aware of your surroundings.
It was a scroll of magic mapping.
A giant cockroach comes into view.
The centaur shoots an arrow.
The arrow closely misses you.
As you read the scroll labeled XYBUTU CIXZUI, it crumbles to dust.
It is a scroll of identify.
g - 3 scrolls of amnesia The centaur shoots an arrow.
The arrow hits you!
As you read the scroll labeled PAZOPU RO PIRR, it crumbles to dust.
You hear a loud clanging noise!
It was a scroll of noise.
The centaur shoots an arrow.
The arrow hits you.
* * * LOW HITPOINT WARNING * * *
The goblin unwields a +0 dagger.
The goblin wields a +0 hunting sling.
The goblin shoots a stone.
The stone hits you.
* * * LOW HITPOINT WARNING * * *
The centaur shoots an arrow.
The arrow hits you!
You die...

*,*,,,,,...,..#**.##,*,*,* *
*,******#...#.#*...,..,*,* * *,*
#...#.##..##.*,*,* * *,*
#...#s##.....*,#,* *
*,****###.?.#cg....###.#,****
*,,,,,............?...,,,,,,,
****>,,,,...............,,,,,,,,
*,,,,,,,,****#.#.##.#.#####,****
*,,,,,,,,* #(@(..........,,,*,
*,,,,,,,,#######.##........,****
****,,,,,..............#...,,,,*
*****+****#######.#####.#,**,**,,
,,,,,,,**########.## *,#,**,**,,
,,,,,,,+,..........# *,*,**,,,,,
,,,,,,,**########..####.#.##.##,,
******** #...............,
###########.####.#.#..#.##


You could see a centaur, a giant cockroach and a goblin.

Vanquished Creatures
  3 adders
  A dart slug (D:1)
  2 leopard geckos
  A giant cockroach (D:2)
  6 goblins
  8 hobgoblins
  5 bats
  8 frilled lizards
  8 kobolds
  7 rats
49 creatures vanquished.

Notes
Turn   | Place    | Note
-------+----------+-------------------------------------------
     0 | D:1      | misha the Draconian Berserker began the quest for the Orb.
     0 | D:1      | Reached XP level 1. HP: 19/19 MP: 1/1
    31 | D:1      | Reached XP level 2. HP: 26/26 MP: 2/2
   536 | D:1      | Reached ** piety under Trog
   536 | D:1      | Reached XP level 3. HP: 33/33 MP: 3/3
  1552 | D:2      | Found a blossoming altar of Fedhas.
  2044 | D:3      | Found a shattered altar of Ashenzari.
  2046 | D:3      | Reached XP level 4. HP: 40/40 MP: 4/4
  2348 | D:3      | Noticed a centaur
  2357 | D:3      | Shot with an arrow by a centaur

Skill      XL: |  1  2  3  4 |
---------------+-------------+-----
Dodging        | 3 |  3.1
Fighting       | 4 |  4.2
Long Blades    | 4 |  4.0
Maces & Flails | |  0.3

Action                   |  1- 3 |  4- 6 || total
-------------------------+-------+-------++-------
Melee: Falchion          |    60 |       ||    60
       Tailslap          |    16 |       ||    16
       Whip              |    39 |       ||    39
       Dagger            |     6 |    18 ||    24
  Use: Scroll            |       |     3 ||     3
 Stab: Sleeping          |     1 |       ||     1
  Eat: Ration            |     1 |       ||     1
       Chunk             |       |     1 ||     1
Armor: Skin              |    39 |     6 ||    45
Dodge: Dodged            |    96 |    24 ||   120
       Rpst.: Falchion   |    19 |       ||    19
